 Dungeon Crawl Stone Soup version 0.27-a0-1378-gdefffd1ff6 (webtiles) character file.

Game seed: 3933125713291791389

1404 dickylongcocking the Insei (level 9, -13/60 HPs)
             Began as a Djinni Wanderer on June 30, 2021.
             Was a Follower of Cheibriados.
             Killed from afar by a steam dragon (28 damage)
             ... with a ball of steam
             ... on level 6 of the Dungeon.
             The game lasted 00:08:21 (8271 turns).

dickylongcocking the Insei (Djinni Wanderer)        Turns: 8271, Time: 00:08:22

Health: -13/60     AC:  2    Str: 13    XL:     9   Next: 1%
Gold:   270        EV: 21    Int: 21    God:    Cheibriados [*.....] SH:  0 Dex: 20

rFire    x . .     SeeInvis .     - Unarmed
rCold    + . .     Faith    .   (shield currently unavailable)
rNeg     . . .     Spirit   .   (armour currently unavailable)
rPois    ∞         Reflect  .   (helmet currently unavailable)
rElec    .         Harm     .   (cloak currently unavailable)
rCorr    .         Rampage  .   (gloves currently unavailable)
Will     .....                  (boots unavailable)
Stlth    ++........             (no amulet)
HPRegen  0.20/turn              e - ring of ice
MPRegen  0.00/turn              o - +4 ring of evasion

@: spider-form, flying, very slow
A: venomous fangs, flying, sickness immunity, tiny, (fire resistance 3), (cold
vulnerability 1), float, innate caster, hp casting, extra vitality 1, agile 1,
(deformed body)
a: End Transformation, Renounce Religion, Bend Time


You were on level 6 of the Dungeon.
You worshipped Cheibriados.
Cheibriados was aware of your devotion.
You were a venomous arachnid creature.
You visited 2 branches of the dungeon, and saw 8 of its levels.
You also visited: Sewer.

You collected 270 gold pieces.

Inventory:

Hand Weapons
 a - a +0 club
 l - a +2 whip of pain
Armour
 c - a +0 robe
 h - a scarf of resistance (melded)
 q - a +0 helmet (melded)
 r - a +2 ring mail of poison resistance (melded)
 t - a +0 buckler
Jewellery
 e - a ring of ice (left front leg)
 o - a +4 ring of evasion (right front leg)
Wands
 j - a wand of charming (6)
Scrolls
 b - a scroll of blinking
 d - a scroll of noise {unknown}
 f - a scroll of immolation {unknown}
 g - 6 scrolls of identify
 i - 2 scrolls of teleportation
 k - a scroll of amnesia {unknown}
 n - a scroll of torment {unknown}
 s - a scroll of fog {unknown}
Potions
 m - 2 potions of flight


   Skills:
 * Level 3.1 Fighting
 - Level 1.5 Throwing
 * Level 7.5 Unarmed Combat
 * Level 6.6 Spellcasting


You had 4 spell levels left.
You knew the following spells:

 Your Spells              Type           Power      Damage    Failure   Level
a - Spider Form           Tmut/Pois      17%        N/A       8%          3
b - Sting                 Tmut/Pois      100%       1d8       3%          1
c - Conjure Flame         Conj/Fire      35%        6-21      8%          3
d - Foxfire               Conj/Fire      100%       2x1d9     3%          1
e - Pain                  Necr           100%       1d9       3%          1
f - Corpse Rot            Necr/Air       N/A        N/A       4%          2
g - Passwall              Tmut/Erth      29%        N/A       4%          2
h - Dispel Undead         Necr           35%        3d15      17%         4

Your spell library contained the following spells:

 Spells                   Type           Power      Damage    Failure   Level


Dungeon Overview and Level Annotations

Branches:
Dungeon (7/15)             Temple (1/1) D:4           Sewer (visited)

Altars:
Ashenzari
Cheibriados
Elyvilon
Fedhas
Gozag
Hepliaklqana
Kikubaaqudgha
Makhleb
Nemelex Xobeh
Qazlal
Ru
Sif Muna
Trog
Uskayaw
Vehumet
Wu Jian
Yredelemnul
The Shining One


Innate Abilities, Weirdness & Mutations

You are a venomous arachnid creature.
You have poisonous fangs.
You are tiny and dextrous.
You are flying.
Your spellcasting is less reliable in this form.
Your armour is entirely melded.
You are incapable of wielding weapons or throwing items.
You are immune to sickness and miasma.
You are immune to poison.
((Your flesh is almost immune to the effects of heat. (rF+++)))
((You are vulnerable to cold. (rC-)))
You float through the air rather than walking.
You learn spells naturally, not from books.
Your magical power is your life essence.
You have superior vitality. (+4 HP)
You are agile. (Dex +2)
((Armour fits poorly on your strangely shaped body.))


Message History

You barely miss the howler monkey zombie.
The howler monkey zombie is severely damaged.
The howler monkey zombie hits you.
You barely miss the howler monkey zombie.
The howler monkey zombie is severely damaged.
The howler monkey zombie barely misses you.
You punch the howler monkey zombie!
You destroy the howler monkey zombie!
Cheibriados appreciates the change of pace.
No target in view!
Your magical contamination has completely faded away.
No target in view!
o - a +4 ring of evasion
o - a +4 ring of evasion (right hand) HP restored.
A steam dragon comes into view.
The steam dragon hisses angrily.
A steam dragon is nearby!
Found a ring mail and 16 gold pieces.
There are monsters nearby!
You hit the steam dragon.
The steam dragon is lightly wounded.
There are monsters nearby!
There are monsters nearby!
Casting: Spider Form (dangerous; 3% risk of failure)
Confirm with . or Enter, or press ? or * to list all spells.
You turn into a venomous arachnid creature.
Your scarf of resistance melds into your body.
Your +0 helmet melds into your body.
Your +2 ring mail of poison resistance melds into your body.
You feel hot and cold all over. The steam dragon breathes steam at you.
The ball of steam hits you!! The steam scalds you terribly!
You hit the steam dragon.
The steam dragon is poisoned.
The steam dragon is moderately wounded.
You are engulfed in a cloud of scalding steam.
* * * LOW HITPOINT WARNING * * *
The steam dragon breathes steam at you. The ball of steam hits you!!
The steam scalds you terribly!
You die...

# ## #####
.#######...#
...........#
.##...##...#
##.....##.########
###...###......§§#
# ##.## ########§#
# #.# #s# #.# #D#
#+. ... #.#.#
.w...# .#.#...
.[.....# ......$..


You could see a steam dragon (very poisoned, catching breath) and a dart slug.

Vanquished Creatures
  Eustachio (D:4)
  2 water moccasins
  A sky beast (D:6)
  A centaur (D:6)
  2 bullfrogs (Sewer)
  Blork the orc (D:4)
  A scorpion (D:6)
  3 water moccasin skeletons
  A bullfrog zombie (D:5)
  An orc priest (D:3)
  A jelly (D:4)
  An iguana (D:5)
  3 orc wizards
  A hound skeleton (D:5)
  A howler monkey zombie (D:6)
  7 adders
  8 gnolls
  A river rat (D:3)
  2 worms
  3 dart slugs
  10 orcs
  10 ball pythons
  7 bats
  22 endoplasms
  13 giant cockroaches
  2 goblins
  6 hobgoblins
  3 jackals (D:3)
  3 kobolds
  10 quokkas
  7 frilled lizards
  3 rats
138 creatures vanquished.

Vanquished Creatures (others)
  2 dart slugs (D:6)
  151 foxfires
153 creatures vanquished.

Grand Total: 291 creatures vanquished

Notes
Turn   | Place    | Note
-------+----------+-------------------------------------------
     0 | D:1      | dickylongcocking the Djinni Wanderer began the quest for
                  | the Orb.
     0 | D:1      | Reached XP level 1. HP: 18/18 MP: 0/0
   324 | D:1      | Reached XP level 2. HP: 21/23 MP: 0/0
   604 | D:1      | Reached skill level 2 in Unarmed Combat
  1223 | D:2      | Reached XP level 3. HP: 24/28 MP: 0/0
  1223 | D:2      | Learned a level 1 spell: Pain
  1690 | D:2      | Found a faded altar of an unknown god.
  2055 | D:2      | Reached skill level 3 in Unarmed Combat
  2055 | D:2      | Reached XP level 4. HP: 21/33 MP: 0/0
  2508 | D:3      | Found a glowing drain.
  2512 | Sewer    | Entered a sewer
  2907 | Sewer    | Reached XP level 5. HP: 30/38 MP: 0/0
  2907 | Sewer    | Learned a level 2 spell: Corpse Rot
  3172 | Sewer    | Noticed a bullfrog
  3174 | Sewer    | Noticed a bullfrog
  3182 | Sewer    | Killed a bullfrog
  3183 | Sewer    | Reached skill level 4 in Unarmed Combat
  3183 | Sewer    | Reached XP level 6. HP: 32/43 MP: 0/0
  3188 | Sewer    | Gained mutation: Armour fits poorly on your strangely
                  | shaped body. [potion of mutation]
  3188 | Sewer    | Gained mutation: Your flesh is almost immune to the effects
                  | of heat. (rF+++) [potion of mutation]
  3188 | Sewer    | Gained mutation: You are agile. (Dex +2) [potion of
                  | mutation]
  3205 | Sewer    | Reached skill level 5 in Spellcasting
  3363 | D:3      | Reached skill level 5 in Unarmed Combat
  3633 | D:3      | Found a hazy altar of Hepliaklqana.
  3795 | D:3      | Reached XP level 7. HP: 38/49 MP: 0/0
  3795 | D:3      | Learned a level 2 spell: Passwall
  4429 | D:3      | Found a bloodstained altar of Trog.
  4638 | D:4      | Found a staircase to the Ecumenical Temple.
  4654 | Temple   | Entered the Ecumenical Temple
  4738 | Temple   | Became a worshipper of Cheibriados the Contemplative
  5646 | D:4      | Found a broken altar of Ashenzari.
  5648 | D:4      | Noticed Eustachio
  5664 | D:4      | Killed Eustachio
  5665 | D:4      | Reached skill level 6 in Unarmed Combat
  5665 | D:4      | Reached XP level 8. HP: 42/54 MP: 0/0
  5801 | D:4      | Noticed Blork the orc
  5802 | D:4      | You are sucked into a shaft and drop 3 floors!
  5853 | D:7      | Noticed a shadow
  5994 | D:6      | Found the +15 Maxwell's patent armour {-Cast -Tele rElec
                  | Will+ rCorr}
  6299 | D:6      | Reached skill level 7 in Unarmed Combat
  6446 | D:5      | Entered Level 5 of the Dungeon
  6448 | D:5      | Reached * piety under Cheibriados
  6566 | D:4      | Killed Blork the orc
  7899 | D:5      | Found a glowing golden altar of the Shining One.
  7914 | D:5      | Reached XP level 9. HP: 27/60 MP: 0/0
  7914 | D:5      | Learned a level 4 spell: Dispel Undead
  8271 | D:6      | Killed from afar by a steam dragon

Illustrated notes

Levels and vault maps discovered:
D:1:      kennysheep_arrival_forest, layout_loops_ring
D:2:      minmay_wonky_spiral, layout_rooms, chequers_ecumenical_altar_grove
D:3:      layout_loops_corners, general_overflow_altar, old_standard_altar,
          gup_sewer_entry_bowl, chequers_avenue
D:4:      layout_cave_pools, nicolae_ashenzari_skybound,
          minmay_temple_entry_slanted, chequers_arboretum, uniq_blork_the_orc,
          uniq_eustachio
D:5:      layout_loops_ring, tso_metal_star
D:6:      kennysheep_slugbush, layout_loops_corners, zin_treasury,
          minmay_misc_feat_pillars
D:7:      layout_cave_pools
Temple:   zaba_magenta_temple

Skill      XL: |  1  2  3  4  5  6  7  8 |
---------------+-------------------------+-----
Unarmed Combat | 2 3 4 5 6 7 |  7.5
Spellcasting   | 5 6 |  6.6
Fighting       | 3 |  3.1
Throwing       | |  1.5

Action                   |  1- 3 |  4- 6 |  7- 9 || total
-------------------------+-------+-------+-------++-------
Melee: Club              |    30 |       |       ||    30
       Whip              |    41 |    40 |     6 ||    87
       Unarmed           |       |    40 |   208 ||   248
       Punch             |       |       |     5 ||     5
 Cast: Foxfire           |    26 |    62 |       ||    88
       Spider Form       |       |     4 |    20 ||    24
       Pain              |       |     3 |     4 ||     7
       Corpse Rot        |       |     1 |       ||     1
  Use: Potion            |       |     4 |     4 ||     8
       Scroll            |       |     1 |     4 ||     5
 Stab: Sleeping          |     1 |     1 |     1 ||     3
Armor: Robe              |    16 |    21 |       ||    37
       Skin              |       |     7 |    23 ||    30
       Ring mail         |       |       |    23 ||    23
Dodge: Dodged            |    73 |    80 |   144 ||   297

Table legend: (Time is in decaauts)
 A = Elapsed time spent in this place.
 B = Non-inter-level travel time spent in this place.
 C = Inter-level travel time spent in this place.
 D = Time resting spent in this place.
 E = Time spent auto-exploring this place.
 F = Levels seen in this place.
 G = Mean time per level.
                   A        B        C        D        E       F      G
               +--------+--------+--------+--------+--------+-----+--------+
         Total |   8680 |   8404 |    276 |    525 |   6772 |   9 |  964.4 |
       Dungeon |   7710 |   7501 |    209 |    525 |   6068 |   7 | 1101.4 |
        Temple |    162 |     96 |     66 |      0 |     75 |   1 |  162.0 |
         Sewer |    807 |    807 |      0 |      0 |    629 |   1 |  807.0 |
               +--------+--------+--------+--------+--------+-----+--------+

Top non-repeatable levels by time:
     D:4: 1732 daAuts
     D:3: 1584 daAuts
     D:5: 1335 daAuts
     D:1: 1220 daAuts
     D:2: 1020 daAuts
   Sewer: 807 daAuts
     D:6: 760 daAuts
  Temple: 162 daAuts
     D:7: 55 daAuts
